 Dungeon Crawl Stone Soup version 0.25.0-46-gbd7b0854d2 (webtiles) character file.

Game seed: 2415145001860305281

16742 Curus the Basher (level 12, -4/113 HPs)
             Began as a Minotaur Gladiator on July 12, 2020.
             Was an Elder of Okawaru.
             Slain by a porcupine (6 damage)
             ... while petrified by a basilisk
             ... on level 3 of the Lair of Beasts.
             The game lasted 00:58:20 (13628 turns).

Curus the Basher (Minotaur Gladiator)              Turns: 13628, Time: 00:58:21

Health: -4/113     AC:  9    Str: 20    XL:     12   Next: 12%
Magic:  14/14      EV:  2    Int:  7    God:    Okawaru [****..]
Gold:   1821       SH:  0    Dex: 16    Spells: 11/11 levels left

rFire    + + .     SeeInvis +   K - +5 dire flail of Riom Ymo {drain, *Rage rElec rF+}
rCold    . . .     Gourm    .   (shield currently unavailable)
rNeg     + + +     Faith    .   C - +0 leather armour {rF+}
rPois    ∞         Spirit   .   (helmet unavailable)
rElec    +         Reflect  .   y - +1 cloak
rCorr    .         Harm     .   F - +0 pair of gloves
MR       .....     Rnd*Rage +   u - +2 pair of boots
Stlth    +.........             L - amulet of the Air {Inacc +Fly rElec EV+5 RMsl}
HPRegen  0.28/turn              z - ring of see invisible
MPRegen  0.14/turn              o - ring of poison resistance

@: petrified, lightly drained, repel missiles
A: retaliatory headbutt, horns 3, agile 1, blurry vision 1
a: Heroism, Renounce Religion, Evoke Flight


You were on level 3 of the Lair of Beasts.
You worshipped Okawaru.
Okawaru was greatly pleased with you.
You were not hungry.

You visited 3 branches of the dungeon, and saw 13 of its levels.
You also visited: Ossuary.

You collected 1821 gold pieces.

Inventory:

Hand Weapons
 a - a +1 flail
 v - a cursed -1 quarterstaff
 x - the +0 dire flail of Jirauhuj {elec, rPois rN+}
   (You took it off a two-headed ogre on level 8 of the Dungeon)

   Occasionally, upon striking a foe, it will discharge some electrical energy
   and cause terrible harm.
   It protects you from poison.
   It protects you from negative energy.
 D - a +3 flail of freezing
 E - a +0 morningstar of protection
 G - the +10 longbow of Hubris {vorpal, rF+++ rN+ Str+2 Int-3, unknown}
   (Okawaru gifted it to you on level 9 of the Dungeon)

   Any arrow fired from it inflicts extra damage.
   It affects your strength (+2).
   It affects your intelligence (-3).
   It renders you almost immune to fire.
   It protects you from negative energy.
 K - the +5 dire flail of Riom Ymo (weapon) {drain, *Rage rElec rF+}
   (Okawaru gifted it to you on level 2 of the Lair of Beasts)

   A truly terrible weapon, it drains the life of those it strikes.
   It protects you from fire.
   It insulates you from electricity.
   It may make you go berserk in combat.
Missiles
 d - 3 throwing nets (quivered)
Armour
 b - a +0 leather armour
 c - a +1 hat
 u - a +2 pair of boots (worn)
 w - a +0 buckler
 y - a +1 cloak (worn)
 C - a +0 leather armour of fire resistance (worn)
 F - a +0 pair of gloves (worn)
Jewellery
 i - an uncursed ring of magical power
 j - an uncursed amulet of faith
 o - a ring of poison resistance (right hand)
 z - a ring of see invisible (left hand)
 L - the amulet of the Air (around neck) {Inacc +Fly rElec EV+5 RMsl}
   (You found it on level 3 of the Lair of Beasts)

   [amulet of inaccuracy]

   It reduces the accuracy of all your attacks.
   It affects your evasion (+5).
   It insulates you from electricity.
   It lets you fly.
   It protects you from missiles.
Wands
 n - a wand of random effects (13)
 A - a wand of iceblast (5)
 B - a wand of disintegration (10)
Scrolls
 h - 6 scrolls of immolation
 k - 4 scrolls of amnesia
 l - 4 scrolls of remove curse
 m - 15 scrolls of identify
 p - 5 scrolls of teleportation
 r - 2 scrolls of blinking
Potions
 e - 6 potions of flight
 g - 2 potions of ambrosia
 s - a potion of berserk rage
 t - 2 potions of curing
 H - 2 potions of haste
 I - a potion of invisibility
 J - a potion of stabbing
Miscellaneous
 q - a lightning rod (4/4)
 M - a phantom mirror
Comestibles
 f - 17 rations


   Skills:
 - Level 12.5(12.4) Fighting
 - Level 14.5(14.4) Maces & Flails
 - Level 2.0(1.9) Throwing
 - Level 11.8(11.7) Dodging
 + Level 5.0 Invocations
 + Level 4.6(4.5) Evocations


You had 11 spell levels left.
You didn't know any spells.
Your spell library contained the following spells:

 Spells                   Type           Power        Failure   Level  Hunger
 Bolt of Magma            Conj/Fire/Erth #.........   100%        5    ######.
 Iskenderun's Battlesphe  Conj/Chrm      #.......     100%        5    ######.
 Iron Shot                Conj/Erth      #.........   100%        6    #######
 Orb of Destruction       Conj           #.........   100%        7    #######
 Spellforged Servitor     Conj/Summ      #.........   100%        7    #######


Dungeon Overview and Level Annotations

Branches:
Dungeon (9/15)             Temple (1/1) D:5            Lair (3/6) D:9
  Swamp (0/4) Lair:2      Ossuary (visited)
  Snake: Lair:2-4    Spider: Lair:2-4       Orc: D:9-12

Altars:
Dithmenos
Elyvilon
Hepliaklqana
Makhleb
Okawaru
Qazlal
Sif Muna
Uskayaw
Vehumet
Wu Jian
Xom
Yredelemnul
Zin
The Shining One


Innate Abilities, Weirdness & Mutations

You reflexively headbutt those who attack you in melee.
You have a pair of large horns on your head.
You are agile. (Dex +2)
Scrolls take you a little longer to read.


Message History

The porcupine bites you but does no damage.
The basilisk bites you!
* * * LOW HITPOINT WARNING * * *
The basilisk bites you!
* * * LOW HITPOINT WARNING * * *
The porcupine bites you. The basilisk bites you.
* * * LOW HITPOINT WARNING * * *
The basilisk bites you!
* * * LOW HITPOINT WARNING * * *
The porcupine bites you!
* * * LOW HITPOINT WARNING * * *
The basilisk bites you!
* * * LOW HITPOINT WARNING * * *
The porcupine bites you!
* * * LOW HITPOINT WARNING * * *
The basilisk gazes at you. You resist with some effort.
The porcupine bites you!
You die...

#####.###
########..##
##..## #..#.####
###....##
##...###.######.
........#
#...............
.≈≈≈≈≈≈.##
#.............≈≈
.≈≈≈≈≈≈..#
#.............≈;
.≈≈≈≈≈≈.##
##.........[..≈≈
.≈≈≈≈≈≈.#
##l...........≈≈
.≈≈≈≈≈≈..#
#@rl...........≈
.≈≈≈≈≈≈.##
##l.............
........#
#........?..8..
......P##
##.####..8.....
......## ###
P.....8..
......# .....
........ .8
......#.
........


You could see 3 basilisks and a porcupine.

Vanquished Creatures
  2 two-headed ogres
  Erica (D:8)
  The ghost of cantrip the Archer, a novice CeHu of Hepliaklqana (D:8)
  2 black mambas
  A centaur zombie (D:8)
  Psyche (D:8)
  A spiny frog (Lair:2)
  2 komodo dragons
  Grinder (D:4)
  4 blink frogs (Lair:2)
  3 hippogriffs
  Sigmund (D:3)
  11 yaks
  Grum (D:9)
  3 wargs (D:9)
  8 water moccasins
  A porcupine (Lair:3)
  4 orc warriors
  4 sky beasts
  A black bear (D:7)
  A phantom (D:5)
  A necrophage (D:6)
  5 centaurs
  15 ogres
  4 wolves (D:9)
  5 crocodiles
  A big kobold (D:7)
  7 bullfrogs
  3 scorpions
  5 wights (D:9)
  2 howler monkeys (D:7)
  A jelly (D:5)
  5 electric eels
  4 crimson imps
  2 bullfrog zombies
  3 hounds
  2 human zombies (Ossuary)
  8 orc priests
  A bullfrog skeleton (D:9)
  3 centaur skeletons
  3 gnoll shamans (D:7)
  8 orc wizards
  Ijyb (D:4)
  Terence (D:2)
  12 worker ants
  A hound zombie (D:8)
  A hound skeleton (D:5)
  5 mummies (Ossuary)
  2 worker ant zombies
  11 gnolls
  5 adders
  2 shadow imps
  A worm (D:2)
  A dart slug (D:2)
  2 leopard geckos
  29 orcs
  4 giant cockroaches
  2 gnoll zombies (Ossuary)
  4 goblins
  5 hobgoblins
  3 quokkas
  A ball python skeleton (D:4)
  7 bats
  2 frilled lizards
  2 goblin zombies (Ossuary)
  3 kobolds
  A kobold zombie (Ossuary)
  A leopard gecko zombie (D:7)
  An orc zombie (Ossuary)
  4 rats (D:1)
  A plant (D:7)
257 creatures vanquished.

Vanquished Creatures (others)
  5 fungi (D:7)
  5 plants
10 creatures vanquished.

Grand Total: 267 creatures vanquished

Notes
Turn   | Place    | Note
-------+----------+-------------------------------------------
     0 | D:1      | Curus the Minotaur Gladiator began the quest for the Orb.
     0 | D:1      | Reached XP level 1. HP: 18/18 MP: 0/0
    84 | D:1      | Reached skill level 4 in Maces & Flails
   153 | D:1      | Reached XP level 2. HP: 17/25 MP: 1/1
   854 | D:2      | Reached skill level 5 in Maces & Flails
   885 | D:2      | Reached XP level 3. HP: 30/30 MP: 2/2
  1152 | D:2      | Found a white marble altar of Elyvilon.
  1205 | D:2      | Noticed Terence
  1212 | D:2      | Killed Terence
  1212 | D:2      | Reached skill level 6 in Maces & Flails
  1212 | D:2      | Reached XP level 4. HP: 33/37 MP: 3/3
  1567 | D:3      | Noticed an earth elemental
  1569 | D:3      | Found a stormy altar of Qazlal.
  1570 | D:3      | Noticed an air elemental
  1570 | D:3      | Noticed a water elemental
  1570 | D:3      | Noticed a fire elemental
  1712 | D:3      | Found a hide-covered altar of Uskayaw.
  1924 | D:3      | Noticed Sigmund
  1935 | D:3      | Killed Sigmund
  1935 | D:3      | Reached skill level 8 in Maces & Flails
  1935 | D:3      | Reached XP level 5. HP: 23/42 MP: 4/4
  2590 | D:4      | Reached XP level 6. HP: 46/50 MP: 5/5
  2861 | D:4      | Reached skill level 9 in Maces & Flails
  3649 | D:4      | Reached XP level 7. HP: 44/56 MP: 6/6
  3681 | D:4      | HP: 1/56 [orc priest/nerve-wracking pain (6)]
  3683 | D:4      | Reached skill level 10 in Maces & Flails
  3764 | D:4      | Noticed Grinder
  3941 | D:4      | Killed Grinder
  4135 | D:4      | Noticed Ijyb
  4148 | D:4      | Killed Ijyb
  4326 | D:5      | Entered Level 5 of the Dungeon
  4353 | D:5      | Reached skill level 11 in Maces & Flails
  4493 | D:5      | Reached XP level 8. HP: 41/62 MP: 7/7
  4794 | D:5      | Found a sand-covered staircase.
  4803 | Ossuary  | Entered an ossuary
  4843 | Ossuary  | Reached skill level 12 in Maces & Flails
  5164 | Ossuary  | Gained mutation: You have a pair of large horns on your
                  | head. [potion of mutation]
  5164 | Ossuary  | Gained mutation: Scrolls take you a little longer to read.
                  | [potion of mutation]
  5164 | Ossuary  | Gained mutation: You are agile. (Dex +2) [potion of
                  | mutation]
  5654 | D:5      | Reached skill level 14 in Maces & Flails
  5654 | D:5      | Reached XP level 9. HP: 82/82 MP: 8/8
  6165 | D:5      | Found a staircase to the Ecumenical Temple.
  6174 | Temple   | Entered the Ecumenical Temple
  6202 | Temple   | Became a worshipper of Warmaster Okawaru
  6541 | D:6      | Reached * piety under Okawaru
  6657 | D:6      | Found a shimmering altar of Xom.
  6660 | D:6      | Found a shimmering altar of Xom.
  6684 | D:6      | Found a shimmering altar of Xom.
  6684 | D:6      | Found a shimmering altar of Xom.
  7032 | D:6      | Reached XP level 10. HP: 91/91 MP: 9/9
  7334 | D:7      | Reached ** piety under Okawaru
  7889 | D:7      | Noticed a two-headed ogre
  7902 | D:7      | Killed a two-headed ogre
  7902 | D:7      | Reached skill level 10 in Fighting
  8071 | D:7      | Found a shadowy altar of Dithmenos.
  8328 | D:7      | Reached *** piety under Okawaru
  8334 | D:7      | Received a gift from Okawaru
  8664 | D:7      | Reached skill level 10 in Dodging
  9000 | D:7      | Found a shimmering blue altar of Sif Muna.
  9361 | D:8      | Noticed Psyche
  9373 | D:8      | Killed Psyche
  9487 | D:8      | Reached **** piety under Okawaru
  9496 | D:8      | Found a transporter.
  9538 | D:8      | Noticed Erica
  9553 | D:8      | Killed Erica
  9553 | D:8      | Reached XP level 11. HP: 93/102 MP: 10/10
  9863 | D:8      | Noticed cantrip's ghost (novice CeHu)
  9866 | D:8      | Found a transporter.
  9867 | D:8      | Identified the +0 dire flail of Jirauhuj {elec, rPois rN+}
  9867 | D:8      | Noticed a two-headed ogre
 10167 | D:8      | Killed a two-headed ogre
 10167 | D:8      | Reached ***** piety under Okawaru
 10167 | D:8      | Received a gift from Okawaru
 10168 | D:8      | HP: 5/156 [cantrip's ghost (8)]
 10172 | D:8      | Killed cantrip's ghost
 10744 | D:9      | Noticed Grum
 10763 | D:9      | Killed Grum
 10763 | D:9      | Received a gift from Okawaru
 10764 | D:9      | Got a fine longbow {god gift}
 10927 | D:9      | Found a staircase to the Lair.
 10991 | Lair:1   | Entered Level 1 of the Lair of Beasts
 11196 | Lair:1   | Reached skill level 1 in Invocations
 11196 | Lair:1   | Reached skill level 1 in Evocations
 12103 | Lair:2   | Found a staircase to the Swamp.
 12120 | Lair:2   | HP: 3/105 [electric eel/bolt of electricity (7)]
 12128 | Lair:2   | HP: 4/105 [electric eel/bolt of electricity (1)]
 12138 | Lair:2   | HP: 3/105 [crocodile (3)]
 12607 | Lair:2   | Identified a scroll of acquirement
 12607 | Lair:2   | Acquired 1150 gold pieces
 12708 | Lair:2   | Received a gift from Okawaru
 12709 | Lair:2   | Got a brightly glowing dire flail {god gift}
 13213 | Lair:2   | Identified the +5 dire flail of Riom Ymo {drain, *Rage
                  | rElec rF+} (Okawaru gifted it to you on level 2 of the Lair
                  | of Beasts)
 13217 | Lair:3   | Found the amulet of the Air {Inacc +Fly rElec EV+5 RMsl}
 13225 | Lair:3   | Reached XP level 12. HP: 99/113 MP: 14/14
 13518 | Lair:3   | Reached skill level 5 in Invocations
 13627 | Lair:3   | HP: 5/113 [basilisk (8)]
 13627 | Lair:3   | HP: 2/113 [porcupine (3)]
 13628 | Lair:3   | Slain by a porcupine

Illustrated notes

Levels and vault maps discovered:
D:1:      eino_arrival_tree_alley, layout_rooms
D:2:      layout_loops_corners, first_ration, elyvilon_altar_3, uniq_terence
D:3:      layout_basic, nicolae_qazlal_style_of_elements,
          eat_drink_and_be_merry_uskayaw, uniq_sigmund
D:4:      layout_rooms, uniq_ijyb, uniq_grinder
D:5:      layout_gridville, temple_hall, enter_ossuary_1
D:6:      layout_loops_cross, xom_redecorated, eino_tiny_chamber
D:7:      kennysheep_seaside_town, layout_basic, marbit_many_paths,
          nicolae_dithmenos_shadow_blocks
D:8:      layout_basic, gammafunk_ghost_smash, uniq_erica, uniq_psyche
D:9:      kennysheep_orc_sif_temple, layout_basic, minitemple,
          erik_lair_orcish_takeover, uniq_grum
Temple:   regret_index_temple_waves
Lair:1:   layout_gridlike
Lair:2:   layout_cave_shapes, minmay_swamp_entry_eels, serial_forest,
          infiniplex_forest_side_room, infiniplex_forest_lined_room_2,
          infiniplex_forest_corner_1, infiniplex_forest_lined_room_2,
          infiniplex_forest_clump_tiny, infiniplex_forest_clump_diagonal,
          infiniplex_forest_clump_diagonal, patterned_corridor
Lair:3:   layout_gridlike, kennysheep_basilisk_garden

Skill      XL: |  1  2  3  4  5  6  7  8  9 10 11 12 |
---------------+-------------------------------------+-----
Maces & Flails | 4 5 6 8 9 11 14 | 14.5
Fighting       | 8 9 11 12 | 12.5
Dodging        | 8 9 10 11 | 11.8
Invocations    | 4 5 |  5.0
Evocations     | 3 4 |  4.6
Throwing       | |  2.0

Action                   |  1- 3 |  4- 6 |  7- 9 | 10-12 || total
-------------------------+-------+-------+-------+-------++-------
Melee: Flail             |    54 |    93 |   234 |   248 ||   629
       Headbutt          |     6 |    16 |    43 |   109 ||   174
       Dire flail        |       |       |       |   217 ||   217
Invok: Heroism           |       |       |       |     3 ||     3
 Abil: Evoke Flight      |       |       |       |     1 ||     1
Evoke: Lightning rod     |       |       |       |     1 ||     1
  Use: Potion            |     4 |     4 |     7 |     3 ||    18
       Scroll            |     4 |     1 |     4 |     7 ||    16
 Stab: Sleeping          |       |       |     1 |     1 ||     2
  Eat: Chunk             |     1 |     4 |     7 |    18 ||    30
       Ration            |       |     1 |     1 |     1 ||     3
Armor: Leather armour    |     9 |    18 |    20 |    41 ||    88
Dodge: Dodged            |    27 |    75 |   100 |   301 ||   503
       Repelled          |       |       |       |     1 ||     1
Block: Buckler           |       |       |       |    16 ||    16
